Map: Rhoskallian LE

Players

Flapjack

  • Race: Protoss Protoss

jswan

  • Race: Protoss Protoss
  • League: Gold

IlllIlIllIlI - Winner!

  • Race: Protoss Protoss

July - Winner!

  • Race: Protoss Protoss
  • League: Platinum

VOD

Have the link to the VOD?

Description

Time

  • Played on: Aug. 10, 2021, 2:14 a.m.
  • Length: 5:14
Show
View Real Time Build Order
Export as new Build Order

Flapjack Protoss 

Build Orders:  

Get SALT Encoding   

  12  0:00  Probe  
  13  0:13  Probe  
  14  0:19  Pylon  
  14  0:25  Probe  
  15  0:37  Probe  
  15  0:39  Gateway  
  16  0:49  Assimilator, Probe  
  17  1:01  Probe  
  18  1:15  Pylon  
  18  1:20  Probe  
  19  1:26  Cybernetics Core  
  19  1:32  Assimilator, Probe  
  20  1:44  Probe  
  21  1:54  Warp Gate (Chrono Boost)  
  21  1:56  Probe  
  22  2:08  Probe  
  23  2:12  Gateway  
  23  2:13  Gateway  
  23  2:16  Gateway  
  23  2:20  Probe  
  24  2:25  Pylon  
  24  2:32  Probe  
  25  2:39  Gateway  
  25  2:52  Probe  
  26  3:04  Probe  
  27  3:16  Probe  
  28  3:23  Adept  
  28  3:24  Adept x3  
  36  3:28  Probe  
  37  3:40  Probe  
  38  3:56  Pylon  
  38  3:58  Pylon  
  38  3:59  Pylon  
  38  4:02  Pylon  
  38  4:18  Stalker  
  38  4:19  Stalker x4  
  42  4:42  Stalker x3  
  38  5:00  Stalker x3  
Show
View Real Time Build Order
Export as new Build Order

jswan Protoss 

Build Orders:  

Get SALT Encoding   

  12  0:00  Probe  
  13  0:13  Probe  
  14  0:25  Probe (Chrono Boost), Pylon  
  15  0:42  Probe (Chrono Boost)  
  15  0:43  Gateway  
  16  0:50  Probe  
  16  0:51  Assimilator  
  17  1:02  Probe  
  18  1:04  Assimilator  
  18  1:14  Probe  
  19  1:26  Probe  
  20  1:32  Cybernetics Core  
  20  1:34  Pylon  
  20  1:42  Zealot  
  20  1:44  Probe (Chrono Boost)  
  24  1:54  Probe (Chrono Boost)  
  24  1:59  Probe (Chrono Boost)  
  25  2:10  Probe  
  25  2:11  Stargate  
  26  2:23  Probe  
  27  2:31  Nexus  
  27  2:37  Pylon  
  26  2:48  Void Ray (Chrono Boost)  
  25  2:53  Probe  
  30  3:02  Assimilator  
  30  3:05  Probe  
  31  3:17  Probe  
  32  3:22  Void Ray (Chrono Boost)  
  32  3:26  Forge  
  32  3:32  Probe  
  37  3:51  Probe x2  
  39  3:56  Pylon  
  39  4:03  Probe, Photon Cannon  
  40  4:13  Shield Battery  
Show
View Real Time Build Order
Export as new Build Order

IlllIlIllIlI Protoss - Winner!

Build Orders:  

Get SALT Encoding   

  12  0:10  Pylon  
  12  0:13  Probe  
  13  0:29  Gateway  
  13  0:32  Probe  
  14  0:38  Assimilator  
  14  0:44  Probe  
  15  0:50  Pylon  
  15  0:56  Probe  
  16  1:08  Probe  
  17  1:12  Assimilator  
  17  1:20  Cybernetics Core  
  17  1:29  Zealot  
  19  1:33  Probe  
  20  1:45  Probe  
  21  1:49  Warp Gate (Chrono Boost)  
  21  1:57  Probe  
  22  2:09  Probe  
  22  2:10  Gateway  
  23  2:23  Probe  
  24  2:40  Stalker  
  26  2:47  Gateway  
  26  2:59  Gateway  
  26  3:00  Pylon  
  26  3:13  Pylon  
  26  3:15  Pylon  
  26  3:21  Pylon  
  26  3:36  Stalker  
  26  3:41  Stalker  
  30  3:51  Stalker  
  32  3:57  Stalker  
  34  4:09  Stalker  
  36  4:20  Stalker  
  38  4:33  Stalker x2  
  42  4:58  Stalker  
  44  5:00  Stalker x2  
  48  5:13  Stalker  
Show
View Real Time Build Order
Export as new Build Order

July Protoss - Winner!

Build Orders:  

Get SALT Encoding   

  12  0:00  Probe (Chrono Boost)  
  13  0:10  Probe (Chrono Boost)  
  14  0:21  Pylon  
  14  0:23  Probe  
  15  0:39  Probe  
  16  0:44  Gateway  
  16  0:49  Assimilator  
  16  0:51  Probe  
  17  1:04  Probe  
  18  1:16  Probe  
  19  1:24  Assimilator  
  19  1:32  Cybernetics Core  
  19  1:34  Probe  
  19  1:36  Zealot  
  22  1:43  Pylon  
  22  1:47  Probe  
  23  1:59  Gateway  
  23  2:01  Probe  
  23  2:06  Warp Gate (Chrono Boost), Gateway  
  23  2:08  Stalker  
  26  2:27  Gateway  
  26  2:32  Pylon  
  26  2:39  Stalker  
  28  2:50  Stalker  
  30  2:53  Stalker  
  30  2:58  Probe  
  33  3:05  Pylon  
  33  3:22  Pylon  
  33  3:43  Stalker  
  33  3:44  Stalker  
  33  3:45  Stalker  
  33  3:46  Pylon  
  39  3:52  Stalker  
  41  4:09  Sentry x2  
  45  4:10  Stalker  
  45  4:29  Stalker  
  47  4:33  Stalker x2  
  43  4:51  Stalker  
  43  4:56  Stalker  
  43  5:07  Stalker x2  
Tags
 
Add a new tag
Caveats
  • Supply blocks, unpowered buildings, or Contaminate may cause inaccurate times.
  • Supply counts are checked every 10 seconds.